 Dungeon Crawl Stone Soup version 0.28.0 (webtiles) character file.

Game seed: 5026523612346793208

33 Zeld the Firebug (level 3, 0/19 HPs)
             Began as a Deep Elf Fire Elementalist on Feb 19, 2022.
             Slain by a rat (1 damage)
             ... on level 3 of the Dungeon.
             The game lasted 00:01:38 (2424 turns).

Zeld the Firebug (Deep Elf Fire Elementalist)       Turns: 2424, Time: 00:01:39

Health: 0/19       AC:  2    Str:  5    XL:     3   Next: 12%
Magic:  10/10      EV: 13    Int: 21    God:
Gold:   71         SH:  0    Dex: 15    Spells: 6/9 levels left

rFire   . . .      SeeInvis .   (no weapon)
rCold   . . .      Faith    .   (no shield)
rNeg    . . .      Spirit   .   a - +0 robe
rPois   .          Reflect  .   (no helmet)
rElec   .          Harm     .   (no cloak)
rCorr   .          Rampage  .   (no gloves)
Will    .....                   (no boots)
Stlth   ++........              (no amulet)
HPRegen 0.06/turn               (no ring)
MPRegen 0.12/turn               (no ring)

@: no status effects
A: no striking features
a: no special abilities


You were on level 3 of the Dungeon.
You visited 1 branch of the dungeon, and saw 3 of its levels.

You collected 71 gold pieces.

Inventory:

Armour
 a - a +0 robe (worn)
Scrolls
 b - a scroll of immolation {unknown}
 c - a scroll of holy word {unknown}
 d - a scroll of identify {unknown}
 e - a scroll of enchant weapon {unknown}


   Skills:
 + Level 2.7 Dodging
 + Level 2.9 Stealth
 * Level 3.6 Spellcasting
 + Level 1.4 Conjurations
 * Level 3.8 Fire Magic


You had 6 spell levels left.
You knew the following spells:

 Your Spells              Type           Power      Damage    Failure   Level
a - Foxfire               Conj/Fire      56%        2x1d6     4%          1
b - Scorch                Fire           38%        2d7       4%          2

Your spell library contained the following spells:

 Spells                   Type           Power      Damage    Failure   Level
 Conjure Flame            Conj/Fire      14%        6-21      13%         3
 Inner Flame              Hex/Fire       11%        N/A       17%         3
 Corpse Rot               Necr/Air       6%         N/A       19%         2
 Poisonous Vapours        Pois/Air       6%         N/A       19%         2
 Flame Wave               Conj/Fire      14%        2d6       38%         4


Dungeon Overview and Level Annotations

Branches:
Dungeon (3/15)

Altars:
Okawaru


Message History

* * * LOW HITPOINT WARNING * * *
A worm comes into view.
The orc barely misses you. The orc misses you.
An adder comes into view.
The rat barely misses you.
An orc priest comes into view. It is wielding a +0 short sword.
An orc and 2 dart slugs come into view.
The orc priest shouts!
An orc comes into view. It is wielding a +0 club.
The orc shouts!
You hear a shout!
You barely miss the dart slug. The rat closely misses you.
The orc shouts!
You hit the dart slug.
The dart slug is lightly wounded.
You hear a shout!
The rat barely misses you.
The dart slug bites you but does no damage.
You hit the dart slug.
The dart slug is moderately wounded.
An orc comes into view. It is wielding a +0 flail.
The orc priest begins to cast a cantrip, but forgets the words!
The rat closely misses you. The dart slug bites you.
* * * LOW HITPOINT WARNING * * *
You hit the dart slug but do no damage.
The dart slug is moderately wounded.
The rat bites you.
* * * LOW HITPOINT WARNING * * *
The orc barely misses you.
Unknown command.
You hit the dart slug but do no damage.
The dart slug is moderately wounded.
The rat closely misses you. The orc closely misses you.
The dart slug barely misses you.
An orc comes into view. It is wielding a +0 hand axe.
Unknown command.
You hit the dart slug.
The dart slug is heavily wounded.
The rat bites you.
You die...

#.# #.#
#.# #.#
#.# #.#
#.# #K#
#.# #.#
#.# #S#
#w# #.#
#w#
#.#####@#


#..oKSro# ######oo# #.o# #..# #.o# #..# #o.# ...# You could see an orc priest,
an adder, 2 dart slugs, 6 orcs, a kobold and a rat.

Vanquished Creatures
  A worm (D:2)
  3 ball pythons (D:1)
  3 endoplasms (D:2)
  A giant cockroach (D:1)
  A goblin (D:2)
  A hobgoblin (D:1)
  4 jackals (D:1)
  5 bats
  2 frilled lizards
  5 kobolds
  4 rats
30 creatures vanquished.

Vanquished Creatures (others)
  158 foxfires
158 creatures vanquished.

Grand Total: 188 creatures vanquished

Notes
Turn   | Place    | Note
-------+----------+-------------------------------------------
     0 | D:1      | Zeld the Deep Elf Fire Elementalist began the quest for the
                  | Orb.
     0 | D:1      | Reached XP level 1. HP: 10/10 MP: 6/6
   295 | D:1      | Reached XP level 2. HP: 15/15 MP: 4/8
   492 | D:1      | Found a faded altar of an unknown god.
  1634 | D:2      | Reached XP level 3. HP: 19/19 MP: 6/10
  1637 | D:2      | Learned a level 2 spell: Scorch
  2119 | D:2      | Found an iron altar of Okawaru.
  2424 | D:3      | Slain by a rat

Illustrated notes

Levels and vault maps discovered:
D:1:      dpeg_arrival_central, layout_basic, serial_rivers,
          chequers_serial_rivers_micro_e, chequers_serial_rivers_micro_a,
          chequers_serial_rivers_marsh, chequers_serial_rivers_micro_a,
          shapermc_ecumenical_altar_starsandcircs
D:2:      layout_loops_cross, basic_altar
D:3:      layout_loops_ring

Action                   || total
-------------------------++-------
Melee: Unarmed           ||     7
 Cast: Foxfire           ||    95
Armor: Robe              ||     5
Dodge: Dodged            ||    23
